 Dungeon Crawl Stone Soup version 0.31.0-9-g3a7656b989 (webtiles) character file.

Game seed: 816857132118591468

1684 MacCMillion the Cleaver (level 9, -7/78 HPs)
             Began as a Hill Orc Fighter on Jan 24, 2024.
             Mangled by an orc warrior
             ... wielding a +1 battleaxe of electrocution
              (10 damage)
             ... on level 6 of the Dungeon.
             The game lasted 00:13:54 (7520 turns).

MacCMillion the Cleaver (Hill Orc Fighter)          Turns: 7520, Time: 00:13:55

Health: -7/78      AC: 12    Str: 23    XL:     9   Next: 2%
Magic:  9/9        EV:  8    Int:  8    God:
Gold:   275        SH:  4    Dex: 10    Spells: 8/8 levels left

rFire   . . .        m - +2 hand axe (heavy)
rCold   . . .        c - +0 buckler
rNeg    . . .        B - +0 chain mail
rPois   +            q - +0 helmet
rElec   .            (no cloak)
rCorr   .            f - +0 pair of gloves
SInv    .            (no boots)
Will    .....        (no amulet) Stlth
                     n - ring of poison resistance
HPRegen 0.33/turn    (no ring)
MPRegen 0.11/turn

%: no passive effects
@: mighty
A: no striking features
a: no special abilities


You were on level 6 of the Dungeon.
You visited 1 branch of the dungeon, and saw 7 of its levels.

You collected 275 gold pieces.

Inventory:

Hand Weapons
 a - a +0 war axe
 m - a +2 heavy hand axe (weapon)
 w - a +2 hand axe of flaming
Missiles
 A - a curare-tipped dart (quivered)
 C - a throwing net
Armour
 c - a +0 buckler (worn)
 f - a +0 pair of gloves (worn)
 q - a +0 helmet (worn)
 B - a +0 chain mail (worn)
Jewellery
 e - a ring of magical power
 n - a ring of poison resistance (left hand)
 t - a ring of ice
Scrolls
 b - a scroll of fog {unknown}
 h - 2 scrolls of teleportation
 k - a scroll of vulnerability
 p - 3 scrolls of poison {unknown}
 s - a scroll of noise
 u - a scroll of silence
 v - a scroll of enchant weapon
 x - a scroll of butterflies {unknown}
 y - a scroll of immolation {unknown}
Potions
 g - 2 potions of enlightenment
 i - a potion of haste
 l - a potion of lignification
 o - a potion of curing
 r - a potion of attraction
 z - 2 potions of magic {unknown}


   Skills:
 + Level 6.7 Fighting
 + Level 11.6 Axes
 + Level 6.1 Armour
 - Level 4.0 Shields


You had 8 spell levels left.
You didn't know any spells.
Your spell library contained the following spells:

 Spells                   Type           Power      Damage    Failure   Level
 Ensorcelled Hibernation  Hex/Ice        0%         N/A       99%         2
 Lesser Beckoning         Tloc           0%         N/A       99%         2
 Scorch                   Fire           0%         2d5       99%         2
 Gell's Gravitas          Tloc           0%         N/A       100%        3
 Passwall                 Erth           0%         N/A       100%        3
 Swiftness                Air            0%         N/A       100%        3
 Teleport Other           Tloc           0%         N/A       100%        3
 Flame Wave               Conj/Fire      0%         2d4       100%        4
 Summon Cactus Giant      Summ           0%         N/A       100%        6


Dungeon Overview and Level Annotations

Branches:
Dungeon (7/15)
 Temple: D:4-7

Altars:
Okawaru
Trog
Yredelemnul

Shops:
D:6 *

Annotations:
D:4 Edmund


Message History

The centaur kicks you but does no damage.
You block the centaur's attack. The centaur barely misses you.
You slice the centaur!!
You kill the centaur!
Your Armour skill increases to level 6!
You have reached level 9!
Your experience leads to an increase in your attributes!
Increase (S)trength, (I)ntelligence, or (D)exterity?
You feel stronger. x2
You hit the orc warrior but do no damage.
The orc warrior hits you with a +1 battleaxe of electrocution.
You barely miss the orc warrior.
The orc warrior hits you with a +1 battleaxe of electrocution!
You are electrocuted!
You barely miss the orc warrior.
The orc warrior hits you with a +1 battleaxe of electrocution!!
The orc warrior attacks as it pursues you!
The orc warrior hits you with a +1 battleaxe of electrocution.
* * * LOW HITPOINT WARNING * * *
You are electrocuted!
* * * LOW HITPOINT WARNING * * *
There is a stone staircase leading up, spattered with blood here.
Okay, then.
You feel much better. You block the orc priest's attack.
The orc warrior hits you with a +1 battleaxe of electrocution!
You climb upwards.
There is a stone staircase leading down, spattered with blood here.
You feel very mighty all of a sudden.
The orc warrior hits you but does no damage.
You are electrocuted!
* * * LOW HITPOINT WARNING * * *
You completely miss the orc warrior. You block the orc warrior's attack.
You hit the orc warrior but do no damage.
The orc warrior barely misses you.
You closely miss the orc warrior.
The orc warrior hits you with a +1 battleaxe of electrocution!
* * * LOW HITPOINT WARNING * * *
You are electrocuted!
You die...

#.##.#..#.........#..
#..#..#..#.........##
#.................##
#.###.[####.......#
#.###..# #.......##
#.##...# #........##
#.##.#.####..........
#.##o........#####.##
#...@#######.......##
####.# #..####.## #[#
#..####... #.# #.(.......
#.# #..####.## #.#
#.......#
#########.#######.#######
#...).†..)(.......#
#.########........


You could see an orc warrior.

Vanquished Creatures
  A wyvern (D:6)
  A water moccasin (D:6)
  An orc warrior (D:7)
  A centaur (D:7)
  A phantom (D:4)
  A kobold brigand (D:6)
  3 bullfrogs
  A water moccasin zombie (D:3)
  A gnoll sergeant (D:7)
  A scorpion (D:6)
  2 wights (D:6)
  3 hounds
  A jelly (D:4)
  3 orc priests
  An iguana (D:5)
  A scorpion zombie (D:3)
  Natasha (thrice) (D:2)
  An orc wizard (D:6)
  Robin (D:3)
  3 gnolls (D:7)
  10 adders
  A shadow imp (D:5)
  2 white imps
  2 ufetubi (D:5)
  4 dart slugs
  4 ribbon worms
  14 orcs
  5 bats
  6 endoplasms
  2 giant cockroaches (D:4)
  20 goblins
  7 hobgoblins
  5 jackals
  4 quokkas
  2 ball pythons
  2 frilled lizards
  5 kobolds
  6 rats
132 creatures vanquished.

Notes
Turn   | Place    | Note
-------+----------+-------------------------------------------
     0 | D:1      | MacCMillion the Hill Orc Fighter began the quest for the
                  | Orb.
     0 | D:1      | Reached XP level 1. HP: 19/19 MP: 1/1
   140 | D:1      | Reached skill level 3 in Axes
   385 | D:1      | You fall into a shaft and drop 1 floor!
   407 | D:1      | Reached XP level 2. HP: 26/26 MP: 2/2
  1088 | D:2      | Noticed Natasha
  1096 | D:2      | Killed Natasha
  1097 | D:2      | Reached skill level 4 in Axes
  1097 | D:2      | Reached XP level 3. HP: 19/31 MP: 3/3
  1184 | D:2      | Found a basalt altar of Yredelemnul.
  1190 | D:2      | Reached XP level 4. HP: 38/39 MP: 4/4
  1208 | D:2      | Reached skill level 5 in Axes
  1229 | D:2      | Noticed Natasha
  1238 | D:2      | Killed Natasha
  1299 | D:2      | Noticed Natasha
  1307 | D:2      | Killed Natasha
  1308 | D:2      | Reached skill level 6 in Axes
  1308 | D:2      | Reached XP level 5. HP: 41/45 MP: 5/5
  1601 | D:3      | Found a faded altar of an unknown god.
  2021 | D:3      | Found an iron altar of Okawaru.
  2064 | D:3      | Reached skill level 7 in Axes
  2186 | D:3      | Noticed Robin
  2246 | D:3      | Killed Robin
  2558 | D:3      | Reached XP level 6. HP: 50/51 MP: 6/6
  2633 | D:3      | Reached skill level 8 in Axes
  3162 | D:3      | Found an iron altar of Okawaru.
  3394 | D:3      | Found a faded altar of an unknown god.
  3763 | D:4      | Reached skill level 9 in Axes
  3845 | D:4      | Reached XP level 7. HP: 55/57 MP: 7/7
  4039 | D:4      | Noticed Edmund
  4240 | D:5      | Entered Level 5 of the Dungeon
  5154 | D:5      | Found a bloodstained altar of Trog.
  5417 | D:5      | Reached skill level 10 in Axes
  5611 | D:6      | Found Voffoff's Assorted Antiques.
  6078 | D:6      | Reached XP level 8. HP: 62/67 MP: 8/8
  6175 | D:6      | Reached skill level 5 in Fighting
  6304 | D:7      | Noticed a wyvern
  6320 | D:6      | Killed a wyvern
  6572 | D:6      | Reached skill level 5 in Armour
  6793 | D:6      | Reached skill level 11 in Axes
  7510 | D:7      | Reached XP level 9. HP: 77/78 MP: 9/9
  7520 | D:6      | HP: 3/78 [orc warrior/+1 battleaxe of electrocution (12)]
  7520 | D:6      | Mangled by an orc warrior

Illustrated notes

Levels and vault maps discovered:
D:1:      kilobyte_arrival_exit_the_forest, layout_rooms, serial_aquarium,
          aquarium_bridge_square [aquarium_subvault_wall,
          aquarium_subvault_balcony, aquarium_subvault_bridge,
          aquarium_subvault_wall], aquarium_bridge_square
          [aquarium_subvault_wall, aquarium_subvault_balcony,
          aquarium_subvault_bridge, aquarium_subvault_window],
          aquarium_window_fake, aquarium_window_2, aquarium_window_3,
          aquarium_window_fake, aquarium_view_2e, aquarium_balcony_3b,
          aquarium_pool_corner
D:2:      layout_rooms, basic_altar, corexii_shack, uniq_natasha
D:3:      layout_basic, okawaru_gym_becter,
          shapermc_ecumenical_altar_mp_urbaneastern, serial_undead,
          serial_undead_b, serial_undead_b, serial_undead_f, serial_undead_c,
          minmay_ruptured, uniq_robin
D:4:      layout_cave_pods, uniq_edmund
D:5:      layout_basic, trog_book
D:6:      minmay_goblin_kobold_castle, layout_loops_cross, serial_shops, shop,
          hangedman_abyss_or_decor_lesser_grid
D:7:      lemuel_ratsnest, layout_gridville, minmay_temple_entry_grid,
          serial_bayou_crossing

Skill      XL: |  1  2  3  4  5  6  7  8 |
---------------+-------------------------+-----
Axes           | 3 4 6 7 9 10 11 | 11.6
Shields        | 4 |  4.0
Fighting       | 4 6 |  6.7
Armour         | 4 6 |  6.1

Action                     |  1- 3 |  4- 6 |  7- 9 || total
---------------------------+-------+-------+-------++-------
  Melee: War axe           |    74 |   151 |    53 ||   278
         Hand axe          |       |       |   130 ||   130
    Use: Scroll            |       |     6 |     5 ||    11
         Potion            |       |       |     2 ||     2
 Armour: Scale mail        |    53 |    87 |   141 ||   281
         Chain mail        |       |       |    40 ||    40
  Dodge: Dodged            |    33 |    41 |    93 ||   167
  Block: Buckler           |    20 |    32 |    33 ||    85
